 Dungeon Crawl Stone Soup version 0.31-a0-204-g7da18cac08 (webtiles) character file.

Game seed: 4305845492317442714

141 porpoise the Shooter (level 5, 0/32 HPs)
             Began as a Tengu Hunter on June 28, 2023.
             Slain by a goblin
             ... wielding a +0 club
             ... led by Robin
              (1 damage)
             ... on level 3 of the Dungeon.
             The game lasted 00:05:55 (2136 turns).

porpoise the Shooter (Tengu Hunter)                 Turns: 2136, Time: 00:05:56

Health: 0/32       AC:  3    Str: 11    XL:     5   Next: 24%
Magic:  6/6        EV: 14    Int: 10    God:
Gold:   181        SH:  0    Dex: 19    Spells: 4/4 levels left

rFire   . . .        a - +0 shortbow
rCold   . . .        (shield currently unavailable)
rNeg    . . .        c - +0 leather armour
rPois   .            (helmet restricted)
rElec   .            (no cloak)
rCorr   .            (no gloves)
SInv    .            (boots unavailable)
Will    .....        (no amulet)
Stlth   ++           (no ring)
HPRegen 0.25/turn    (no ring)
MPRegen 0.10/turn

%: no passive effects
@: flying quickly and evasively, quick
A: beak, talons 3, nimble flight
a: no special abilities


You were on level 3 of the Dungeon.
You visited 1 branch of the dungeon, and saw 3 of its levels.

You collected 181 gold pieces.

Inventory:

Hand Weapons
 a - a +0 shortbow (weapon)
 b - a +0 dagger
 w - a +1 flail of holy wrath
Missiles
 k - 4 poisoned darts
Armour
 c - a +0 leather armour (worn)
Scrolls
 g - a scroll of poison {unknown}
 j - a scroll of butterflies
 l - a scroll of teleportation {unknown}
 n - a scroll of enchant weapon {unknown}
Potions
 d - a potion of experience {unknown}
 e - a potion of berserk rage
 f - a potion of heal wounds {unknown}
 h - 2 potions of curing {unknown}
 i - a potion of lignification {unknown}
 m - a potion of haste {unknown}


   Skills:
 + Level 3.1 Fighting
 * Level 5.8 Ranged Weapons
 - Level 2.1 Dodging
 + Level 2.6 Stealth


You had 4 spell levels left.
You didn't know any spells.
Your spell library contained the following spells:

 Spells                   Type           Power      Damage    Failure   Level
 Magic Dart               Conj           0%         1d3       45%         1
 Searing Ray              Conj           0%         2d4       58%         2
 Sublimation of Blood     Necr           0%         N/A       58%         2
 Wereblood                Tmut           0%         N/A       58%         2
 Fulminant Prism          Conj/Hex       0%         3d5       99%         4
 Summon Hydra             Summ           0%         N/A       100%        7


Dungeon Overview and Level Annotations

Branches:
Dungeon (3/15)

Altars:
Ru

Annotations:
D:3 Robin


Innate Abilities, Weirdness & Mutations

You have a beak for a mouth.
You have claws for feet.
Your magical nature lets you fly swiftly and evasively.


Message History

The goblin barely misses you.
A goblin comes into view. It is wielding a +0 dagger.
Robin's bangles clink loudly.
There is an open door here.
You shoot an arrow. The arrow hits the goblin.
You kill the goblin!
Robin throws the goblin at you! The goblin barely misses you.
You shoot an arrow. The arrow hits the goblin.
The goblin is severely wounded.
The goblin hits you but does no damage. The goblin misses you.
You shoot an arrow. The arrow hits the goblin.
You kill the goblin!
The goblin barely misses you. Robin throws the goblin at you!
You shoot an arrow. The arrow hits the goblin.
The goblin is heavily wounded.
The goblin hits you with a +0 club. The goblin closely misses you.
The goblin misses you.
You shoot an arrow. The arrow hits the goblin.
You kill the goblin!
The goblin hits you but does no damage. The goblin closely misses you.
You shoot an arrow. The arrow hits Robin!
Robin is heavily wounded.
Robin hits you with a +0 club. The goblin barely misses you.
The goblin hits you with a +0 club.
You shoot an arrow. The arrow hits Robin!
Robin is almost dead.
The goblin barely misses you. The goblin hits you with a +0 club.
Robin closely misses you. The goblin hits you with a +0 club.
* * * LOW HITPOINT WARNING * * *
The goblin closely misses you. Robin hits you with a +0 club.
* * * LOW HITPOINT WARNING * * *
You shoot an arrow. The arrow barely misses Robin.
The arrow closely misses the hobgoblin. x2
The arrow hits the hobgoblin but does no damage.
Robin hits you with a +0 club.
* * * LOW HITPOINT WARNING * * *
The goblin hits you with a +0 club.
* * * LOW HITPOINT WARNING * * *
The goblin hits you with a +0 club.
You die...

#..#.#.######.#
#..#.#........#
....#.###########
######+## #... ##...##
#.## ##.....## #... # #
##.......## ##.#
#...#g##.........####..(
...gggg@g........+......
...g####g........####...
. ##.......## ##.#
##...).## ### ##...## #.
##'## #. #.# #. #.#
##### #. ####.###...# #.


You could see Robin, 3 hobgoblins and 4 goblins.

Vanquished Creatures
  5 adders
  A gnoll (D:1)
  A worm (D:2)
  A dart slug (D:2)
  10 ball pythons
  6 endoplasms
  2 giant cockroaches (D:2)
  5 goblins
  4 hobgoblins
  11 jackals
  2 quokkas
  6 bats
  13 frilled lizards
  4 kobolds
  9 rats
80 creatures vanquished.

Notes
Turn   | Place    | Note
-------+----------+-------------------------------------------
     0 | D:1      | porpoise the Tengu Hunter began the quest for the Orb.
     0 | D:1      | Reached XP level 1. HP: 12/12 MP: 2/2
    88 | D:1      | Reached XP level 2. HP: 17/17 MP: 3/3
   305 | D:1      | Found a faded altar of an unknown god.
   418 | D:1      | Reached XP level 3. HP: 22/22 MP: 4/4
   475 | D:1      | Reached skill level 5 in Ranged Weapons
  1110 | D:2      | Reached XP level 4. HP: 27/27 MP: 5/5
  1658 | D:3      | Found a sacrificial altar of Ru.
  1721 | D:3      | Gained mutation: Your magical nature lets you fly swiftly
                  | and evasively. [Tengu growth]
  1721 | D:3      | Reached XP level 5. HP: 32/32 MP: 6/6
  2127 | D:3      | Noticed Robin
  2136 | D:3      | HP: 1/32 [goblin/+0 club[Robin] (4)]
  2136 | D:3      | Slain by a goblin

Illustrated notes

Levels and vault maps discovered:
D:1:      amcnicky_arrival_feature_with_door, layout_basic,
          hellmonk_ecumenical_altar_lost_god, nrook_mini_backslash,
          nicolae_titane
D:2:      layout_rooms
D:3:      layout_loops_corners, nicolae_ru_sacrificial_ziggurat,
          minmay_lizard_king, uniq_robin, uniq_sigmund

Skill      XL: |  1  2  3  4 |
---------------+-------------+-----
Ranged Weapons | 5 |  5.8
Stealth        | 2 |  2.6
Fighting       | 3 |  3.1
Dodging        | |  2.1

Action                     |  1- 3 |  4- 6 || total
---------------------------+-------+-------++-------
  Melee: Unarmed           |     2 |       ||     2
         Peck              |     1 |       ||     1
   Fire: Shortbow          |    75 |   131 ||   206
    Use: Potion            |     1 |       ||     1
 Armour: Leather armour    |    13 |    10 ||    23
  Dodge: Dodged            |    41 |    54 ||    95

Table legend: (Time is in decaauts)
 A = Elapsed time spent in this place.
 B = Non-inter-level travel time spent in this place.
 C = Inter-level travel time spent in this place.
 D = Time resting spent in this place.
 E = Time spent auto-exploring this place.
 F = Levels seen in this place.
 G = Mean time per level.
                   A        B        C        D        E       F      G
               +--------+--------+--------+--------+--------+-----+--------+
         Total |   2162 |   2071 |     91 |    638 |   1059 |   3 |  720.7 |
       Dungeon |   2162 |   2071 |     91 |    638 |   1059 |   3 |  720.7 |
               +--------+--------+--------+--------+--------+-----+--------+

Top non-repeatable levels by time:
     D:1: 1100 daAuts
     D:3: 635 daAuts
     D:2: 425 daAuts
